 Dungeon Crawl Stone Soup version 0.30-b1-5-g8e6c1be481 (webtiles) character file.

Game seed: 10163358935826994456

116 RascalDebosk the Trooper (level 5, -1/40 HPs)
             Began as a Djinni Reaver on May 4, 2023.
             Slain by a sleepcap (7 damage)
             ... on level 3 of the Dungeon.
             The game lasted 00:16:52 (2265 turns).

RascalDebosk the Trooper (Djinni Reaver)            Turns: 2265, Time: 00:16:53

Health: -1/40      AC:  8    Str: 11    XL:     5   Next: 20%
Gold:   136        EV: 12    Int: 17    God:
                   SH:  0    Dex: 11

rFire   + + .        s - +1 dagger (drain)
rCold   . . .        (no shield)
rNeg    . . .        f - +2 robe {rC+}
rPois   ∞            (no helmet)
rElec   .            (no cloak)
rCorr   .            (no gloves)
SInv    .            (boots unavailable)
Will    .....        (no amulet)
Stlth   +            r - +4 ring of protection
HPRegen 0.26/turn    (no ring)
MPRegen 0.00/turn

%: infuse magic (-2 HP)
@: flying
A: sickness immunity, fire resistance 2, cold vulnerability 1, float, innate
caster, HP casting, extra vitality 1
a: no special abilities


You were on level 3 of the Dungeon.
You visited 1 branch of the dungeon, and saw 3 of its levels.

You collected 136 gold pieces.

Inventory:

Hand Weapons
 a - a +0 falchion
 s - a +1 dagger of draining (weapon)
Missiles
 l - a throwing net {@!f}
Armour
 b - a +0 leather armour
 f - a +2 robe of cold resistance (worn)
Jewellery
 r - a +4 ring of protection (left hand)
Scrolls
 c - 4 scrolls of identify {unknown}
 d - a scroll of butterflies {unknown}
 h - a scroll of teleportation {unknown}
 j - a scroll of immolation {unknown}
 m - a scroll of noise {unknown}
 n - a scroll of blinking {unknown}
 p - a scroll of brand weapon {unknown}
Potions
 e - 4 potions of curing {unknown}
 g - 2 potions of heal wounds {unknown}
 i - 2 potions of degeneration {unknown}
 k - a potion of cancellation {unknown}
 o - 2 potions of haste {unknown}
 q - a potion of lignification {unknown}
 t - a potion of attraction {unknown}


   Skills:
 * Level 3.2 Fighting
 + Level 3.1 Long Blades
 + Level 1.4 Armour
 - Level 2.1 Dodging
 * Level 3.2 Spellcasting


You knew the following spells:

 Your Spells              Type           Power      Damage    Failure   Level
a - Kiss of Death         Conj/Necr      52%        2d9       4%          1
b - Momentum Strike       Conj/Tloc      26%        3d8       7%          2
c - Hailstorm             Conj/Ice       13%        3d5       14%         3
d - Sandblast             Erth           26%        2d8       4%          1
e - Poisonous Vapours     Pois/Air       26%        N/A       7%          2
Your spell library was empty.

Dungeon Overview and Level Annotations

Branches:
Dungeon (3/15)

Altars:
Yredelemnul


Innate Abilities, Weirdness & Mutations

You are immune to sickness and miasma.
You are immune to poison.
Your flesh is very heat resistant. (rF++)
You are vulnerable to cold. (rC-)
You float through the air rather than walking.
You learn spells naturally, not from books.
Your magical power is your life essence.
You have superior vitality. (+4 MHP)


Message History

The blast of sand hits the sleepcap but does no damage.
The sleepcap is heavily damaged.
* * * LOW HITPOINT WARNING * * *
The sleepcap barely misses you. The sleepcap completely misses you.
Casting: Sandblast (safe; 4% risk of failure)
Confirm with . or Enter, or press ? or * to list all spells.
Aiming: Sandblast (safe; 4% risk of failure)
Press: ? - help, Shift-Dir - straight line, f/p - sleepcap
Aim: a sleepcap (heavily damaged, 100% to hit)
The blast of sand hits the sleepcap but does no damage.
The sleepcap is heavily damaged.
* * * LOW HITPOINT WARNING * * *
The sleepcap misses you.
Unknown command.
Casting: Sandblast (safe; 4% risk of failure)
Confirm with . or Enter, or press ? or * to list all spells.
Aiming: Sandblast (safe; 4% risk of failure)
Press: ? - help, Shift-Dir - straight line, f/p - sleepcap
Aim: a sleepcap (heavily damaged, 100% to hit)
The blast of sand hits the sleepcap but does no damage.
The sleepcap is heavily damaged.
* * * LOW HITPOINT WARNING * * *
The sleepcap releases spores at you.
* * * LOW HITPOINT WARNING * * *
The sleepcap barely misses you.
Casting: Sandblast (safe; 4% risk of failure)
Confirm with . or Enter, or press ? or * to list all spells.
Aiming: Sandblast (safe; 4% risk of failure)
Press: ? - help, Shift-Dir - straight line, f/p - sleepcap
Aim: a sleepcap (heavily damaged, 100% to hit)
The blast of sand hits the sleepcap but does no damage.
The sleepcap is heavily damaged.
* * * LOW HITPOINT WARNING * * *
The sleepcap releases spores at you but does no damage.
The sleepcap attacks as you move away! The sleepcap barely misses you.
Casting: Sandblast (safe; 4% risk of failure)
Confirm with . or Enter, or press ? or * to list all spells.
Aiming: Sandblast (safe; 4% risk of failure)
Press: ? - help, Shift-Dir - straight line, f/p - sleepcap
Aim: a sleepcap (heavily damaged, 100% to hit)
The blast of sand hits the sleepcap.
The sleepcap is heavily damaged.
* * * LOW HITPOINT WARNING * * *
The sleepcap releases spores at you.
* * * LOW HITPOINT WARNING * * *
The sleepcap closely misses you.
Casting: Sandblast (safe; 4% risk of failure)
Confirm with . or Enter, or press ? or * to list all spells.
Aiming: Sandblast (safe; 4% risk of failure)
Press: ? - help, Shift-Dir - straight line, f/p - sleepcap
Aim: a sleepcap (heavily damaged, 100% to hit)
The blast of sand hits the sleepcap but does no damage.
The sleepcap is heavily damaged.
* * * LOW HITPOINT WARNING * * *
The sleepcap barely misses you.
Unknown command.
Unknown command.
Casting: Sandblast (safe; 4% risk of failure)
Confirm with . or Enter, or press ? or * to list all spells.
Aiming: Sandblast (safe; 4% risk of failure)
Press: ? - help, Shift-Dir - straight line, f/p - sleepcap
Aim: a sleepcap (heavily damaged, 100% to hit)
The blast of sand hits the sleepcap!
The sleepcap is almost destroyed.
* * * LOW HITPOINT WARNING * * *
The sleepcap closely misses you. The sleepcap completely misses you.
Unknown command.
Casting: Sandblast (safe; 4% risk of failure)
Confirm with . or Enter, or press ? or * to list all spells.
Aiming: Sandblast (safe; 4% risk of failure)
Press: ? - help, Shift-Dir - straight line, f/p - sleepcap
Aim: a sleepcap (almost destroyed, 100% to hit)
The blast of sand hits the sleepcap but does no damage.
The sleepcap is almost destroyed.
* * * LOW HITPOINT WARNING * * *
The sleepcap releases spores at you.
* * * LOW HITPOINT WARNING * * *
Casting: Sandblast (safe; 4% risk of failure)
Confirm with . or Enter, or press ? or * to list all spells.
Aiming: Sandblast (safe; 4% risk of failure)
Press: ? - help, Shift-Dir - straight line, f/p - sleepcap
Aim: a sleepcap (almost destroyed, 100% to hit)
The blast of sand hits the sleepcap.
The sleepcap is almost destroyed.
* * * LOW HITPOINT WARNING * * *
The sleepcap releases spores at you.
* * * LOW HITPOINT WARNING * * *
The sleepcap releases spores at you.
* * * LOW HITPOINT WARNING * * *
The sleepcap attacks as you move away! The sleepcap barely misses you.
A goblin comes into view.
It is wielding a +0 club and wearing the +0 ring mail of Altruism {rElec Will+ Int-3 Dex+2}.
The sleepcap attacks as you move away!
The sleepcap releases spores at you but does no damage.
The goblin shouts!
There is a stone staircase leading up here.
The sleepcap attacks as you move away! The sleepcap releases spores at you.
* * * LOW HITPOINT WARNING * * *
The sleepcap attacks as you move away! The sleepcap barely misses you.
The sleepcap attacks as you move away! The sleepcap releases spores at you!
You die...

§§§.#######.## .#
§§§..........####.##
##§.######.g...<...#
###§######..####g#.#
.........#..# #.# #
###.####.#.## #.#.# #
#.# #.#####f#.## # #.#
#.##...f...# # #.#
#.##.##@#..# # #.#
#.##.##.#..# # ..#
#.##.##....# ##.##
#..........## ##.
#.##.###....# ##. ♣♣
♣#)##......).#
##.♣♣♣..♣.........)#.#
#♣♣♣....'..#######[#.#
♣♣[.....'..# #>#.#


You could see 2 sleepcaps and a goblin.

Vanquished Creatures
  A sleepcap (D:3)
  Terence (D:2)
  An adder (D:3)
  4 orcs (D:3)
  4 bats
  5 endoplasms
  2 giant cockroaches
  4 goblins
  5 hobgoblins
  4 kobolds
  A quokka (D:1)
  8 ball pythons
  A frilled lizard (D:1)
  6 rats
47 creatures vanquished.

Notes
Turn   | Place    | Note
-------+----------+-------------------------------------------
     0 | D:1      | RascalDebosk the Djinni Reaver began the quest for the Orb.
     0 | D:1      | RascalDebosk set off with the following spells memorised:
                  | Kiss of Death, Momentum Strike, Hailstorm.
     0 | D:1      | Reached XP level 1. HP: 18/18 MP: 0/0
   212 | D:1      | Reached XP level 2. HP: 17/23 MP: 0/0
   528 | D:1      | Found a faded altar of an unknown god.
  1034 | D:2      | Identified the +0 ring mail of Xezott Zutiu {rCorr Str-3
                  | Dex+4}
  1046 | D:2      | Reached XP level 3. HP: 28/29 MP: 0/0
  1046 | D:2      | Learned a level 1 spell: Sandblast
  1177 | D:2      | Found a basalt altar of Yredelemnul.
  1189 | D:2      | Noticed Terence
  1207 | D:2      | Killed Terence
  1208 | D:2      | Reached skill level 1 in Armour
  1208 | D:2      | Reached XP level 4. HP: 28/34 MP: 0/0
  2233 | D:3      | Reached XP level 5. HP: 24/40 MP: 0/0
  2233 | D:3      | Learned a level 2 spell: Poisonous Vapours
  2255 | D:3      | Identified the +0 ring mail of Altruism {rElec Will+ Int-3
                  | Dex+2}
  2265 | D:3      | Slain by a sleepcap

Illustrated notes

Levels and vault maps discovered:
D:1:      wander_arrival_estate, layout_basic, ebering_ecumenical_altar_webs,
          hex_tiny
D:2:      layout_basic, basic_altar, uniq_terence
D:3:      layout_loops_ring, beargit_hepliaklqana_dungeon_heroes,
          hangedman_abyss_or_decor_lesser_grid, hellmonk_no_cap

Skill      XL: |  1  2  3  4 |
---------------+-------------+-----
Long Blades    | 3 |  3.1
Armour         | 1 |  1.4
Spellcasting   | 3 |  3.2
Fighting       | 3 |  3.2
Dodging        | |  2.1

Action                     |  1- 3 |  4- 6 || total
---------------------------+-------+-------++-------
  Melee: Falchion          |    61 |    18 ||    79
         Dagger            |       |     1 ||     1
   Cast: Momentum Strike   |     2 |       ||     2
         Sandblast         |     8 |    46 ||    54
         Kiss of Death     |     1 |       ||     1
         Poisonous Vapours |       |     1 ||     1
   Stab: Sleeping          |     1 |       ||     1
 Armour: Leather armour    |     3 |       ||     3
         Robe              |    19 |    14 ||    33
  Dodge: Dodged            |    50 |    46 ||    96
